AoeStats
← Momss

Arena

504716076Analyzed
2v2 RM · 27d ago on Sep 6, 2026· 37m 8s· 4 players
Game mode
Random Map
Map size
Medium (4 player)
Population
200
Speed
Normal
Resources
Standard
Victory
Conquest
Starting age
Dark Age
Ending age
Imperial Age
RankedLock teamsTeams togetherTeam positionsShared explorationLock speedFull tech treeHidden civsTurbo modeCheats
Victory
Defeat
🇦🇺 Persians · Australia
566
+18
🇦🇺 Bulgarians · Australia
555
+18
🇮🇳 Teutons · India
609
-18
🇫🇷 Khmer · France
595
-18
Momss
11:59 Feudal Age
14:14 Horse Collar
14:23 Double-Bit Axe
25:33 Castle Age
26:15 Man-at-Arms
27:49 Wheelbarrow
27:08 Long Swordsman
29:27 Pikeman
Incognito3597
2:25 Loom
10:20 Feudal Age
12:22 Wheelbarrow
11:38 Double-Bit Axe
12:31 Horse Collar
12:43 Gold Mining
16:49 Stone Mining
20:59 Castle Age
21:53 Bow Saw
21:59 Hand Cart
21:50 Heavy Plow
24:14 Stone Shaft Mining
25:42 Fervor
25:58 Fletching
26:21 Forging
26:11 Scale Mail Armor
26:17 Scale Barding Armor
26:13 Padded Archer Armor
27:51 Pikeman
28:31 Squires
30:47 Elite Skirmisher
35:19 Imperial Age
33:07 Bodkin Arrow
33:49 Iron Casting
33:29 Chain Mail Armor
33:35 Chain Barding Armor
33:30 Leather Archer Armor
38:36 Imperial Age
Ky
7:43 Loom
10:37 Feudal Age
11:06 Horse Collar
11:25 Double-Bit Axe
19:24 Castle Age
18:40 Bloodlines
19:04 Gold Mining
20:09 Heavy Plow
20:22 Bow Saw
21:56 Husbandry
22:05 Scale Barding Armor
22:10 Forging
25:47 Chain Barding Armor
26:03 Iron Casting
30:29 Wheelbarrow
29:39 Town Watch
31:13 Town Patrol
plasticedibles
11:40 Feudal Age
12:00 Loom
15:37 Scale Barding Armor
16:07 Horse Collar
17:42 Double-Bit Axe
19:09 Bloodlines
22:41 Castle Age
21:33 Stone Mining
22:04 Fletching
24:12 Parthian Tactics
23:56 Thumb Ring
24:33 Gold Mining
30:01 Bodkin Arrow
30:16 Padded Archer Armor
35:24 Gold Shaft Mining
Connection lost

Rejoining the realm…

Still unreachable

The connection could not be restored.

Session expired

The server has moved on; the page needs a fresh start.